 Dungeon Crawl Stone Soup version 0.19.5 (webtiles) character file.

218 equalderp2856 the Skirmisher (level 5, -1/41 HPs)
             Began as a Mummy Fighter on Mar 30, 2017.
             Slain by an iguana (3 damage)
             ... on level 4 of the Dungeon.
             The game lasted 00:06:50 (2866 turns).

equalderp2856 the Skirmisher (Mummy Fighter)        Turns: 2866, Time: 00:06:51

Health: -1/41      AC:  6    Str: 20    XL:     5   Next: 63%
Magic:  1/5        EV:  7    Int:  7    God:
Gold:   157        SH:  9    Dex: 12    Spells: 2 memorised, 1 level left

rFire  x . .     SeeInvis .     a - +0 war axe
rCold  + . .     Gourm    .     b - +0 scale mail
rNeg   + + +     Faith    .     c - +0 shield
rPois  ∞         Spirit   .     (no helmet)
rElec  .         Reflect  .     (no cloak)
rCorr  .         Harm     .     (no gloves)
MR     .....                    (no boots)
Stlth  ..........               (no amulet)
                                (no ring)
                                (no ring)

@: very slightly contaminated
A: no food or potions, fire vulnerability, cold resistance 1, negative energy
resistance 3, torment resistance, unbreathing
a: no special abilities


You were on level 4 of the Dungeon.
You were not hungry.

You visited 1 branch of the dungeon, and saw 4 of its levels.

You collected 157 gold pieces.

Inventory:

Hand Weapons
 a - a +0 war axe (weapon)
Armour
 b - a +0 scale mail (worn)
 c - a +0 shield (worn)
 g - a +0 ring mail
Scrolls
 d - 2 scrolls of blinking {unknown}
 e - a scroll of fog {unknown}
 f - a scroll of identify {unknown}
 h - a scroll of amnesia {unknown}
 i - a scroll of remove curse {unknown}
 j - a scroll of teleportation {unknown}
 k - a scroll of enchant weapon {unknown}
Books
 l - a book of Minor Magic

   Spells                             Type                      Level
   a - Magic Dart                     Conjuration                  1
   b - Blink                          Translocation                2
   c - Call Imp                       Summoning                    2
   d - Repel Missiles                 Charms/Air                   2
   e - Slow                           Hexes                        2
   f - Conjure Flame                  Conjuration/Fire             3
   g - Mephitic Cloud                 Conjuration/Poison/Air       3


   Skills:
 + Level 3.5 Fighting
 + Level 3.4 Axes
 + Level 3.3 Armour
 + Level 0.5 Dodging
 + Level 3.0 Shields


You had one spell level left.
You knew the following spells:

 Your Spells              Type           Power        Failure   Level  Hunger
a - Magic Dart            Conj           #...         100%        1    N/A
b - Blink                 Tloc           N/A          100%        2    N/A

Dungeon Overview and Level Annotations

Branches:
Dungeon (4/15)
 Temple: D:4-7

Altars:
Makhleb
Uskayaw
Zin


Innate Abilities, Weirdness & Mutations

You do not eat or drink.
Your flesh is vulnerable to fire.
You are immune to poison.
Your flesh is cold resistant. (rC+)
You are immune to negative energy. (rN+++)
You are immune to unholy pain and torment.
You can survive without breathing.


Message History

You miscast Blink.
You are caught in a localised field of spatial distortion.
* * * LOW HITPOINT WARNING * * *
The iguana bites you but does no damage.
Okay, then.
The iguana hisses menacingly.
You see here a scroll labeled NIPNITTEUJE.
Found 11 stones.
Unknown command.
The iguana bites you!
* * * LOW HITPOINT WARNING * * *
Casting: Blink
Confirm with . or Enter, or press ? or * to list all spells.
Okay, then.
Found a beef jerky.
Casting: Blink
Confirm with . or Enter, or press ? or * to list all spells.
The spell is very dangerous to cast!
Continue anyway?
You miscast Blink.
You spin around.
The iguana bites you.
You die...

.........# ##....
........## ..#
........## .# .........#
..## .........## ...###
..........## #......
....<......######.......
.........?....#.........
........####...l@.......
......### ##......#...%
.....## #.....(.# .
...### #..#.....# ..##
#..###...... ..# #.##
#...... ..# .. #.....
..# #.# ..... ....


You could see an iguana.

Vanquished Creatures
  An ogre (D:1)
  A hound skeleton (D:4)
  4 adders
  2 oozes
  4 worms
  A dart slug (D:3)
  2 leopard geckos (D:1)
  A ball python (D:2)
  5 goblins
  9 hobgoblins
  8 jackals
  6 kobolds
  3 bats
  2 frilled lizards (D:2)
  7 rats
56 creatures vanquished.

Notes
Turn   | Place    | Note
-------+----------+-------------------------------------------
     0 | D:1      | equalderp2856 the Mummy Fighter began the quest for the Orb.
     0 | D:1      | Reached XP level 1. HP: 18/18 MP: 1/1
   228 | D:1      | Reached XP level 2. HP: 24/24 MP: 2/2
   880 | D:1      | Noticed an ogre
   937 | D:1      | Killed an ogre
   937 | D:1      | Reached XP level 3. HP: 7/29 MP: 3/3
   937 | D:1      | Reached XP level 4. HP: 9/35 MP: 4/4
  1385 | D:2      | Found a faded altar of an unknown god.
  1581 | D:2      | Reached XP level 5. HP: 38/41 MP: 5/5
  1689 | D:2      | Noticed a hand axe
  1689 | D:2      | Noticed a hand axe
  1696 | D:2      | Found a hide-covered altar of Uskayaw.
  2227 | D:3      | Learned a level 1 spell: Magic Dart
  2230 | D:3      | Learned a level 2 spell: Blink
  2430 | D:3      | Found a burning altar of Makhleb.
  2436 | D:3      | Noticed a blizzard demon
  2437 | D:3      | Found a glowing silver altar of Zin.
  2438 | D:3      | Noticed an angel
  2863 | D:4      | HP: 1/41 [iguana (8)]
  2866 | D:4      | Slain by an iguana

Skill      XL: |  1  2  3  4  5 |
---------------+----------------+-----
Axes           | 2 3 |  3.4
Armour         | 3 |  3.3
Shields        | 3 |  3.0
Fighting       | |  3.5
Dodging        | |  0.5

Action                   |  1- 3 |  4- 6 || total
-------------------------+-------+-------++-------
Melee: War axe           |    84 |   131 ||   215
Armor: Scale mail        |    47 |    61 ||   108
Dodge: Dodged            |    36 |    39 ||    75
Block: Shield            |    56 |    70 ||   126
